 Dungeon Crawl Stone Soup version 0.29.1-1-gd02db6906a (webtiles) character file.

Game seed: 12527332657575273285

641 Godmorgon the Magician (level 7, -6/52 HPs)
             Began as a Djinni Fire Elementalist on Oct 5, 2022.
             Engulfed by a cloud of flame (8 damage)
             ... on level 5 of the Dungeon.
             The game lasted 00:22:50 (4500 turns).

Godmorgon the Magician (Djinni Fire Elementalist)   Turns: 4500, Time: 00:22:50

Health: -6/52      AC:  2    Str:  7    XL:     7   Next: 81%
Gold:   148        EV: 16    Int: 18    God:
                   SH:  0    Dex: 14

rFire   + + .      SeeInvis .   a - +0 short sword
rCold   x . .      Faith    .   (no shield)
rNeg    . . .      Spirit   .   d - +0 robe
rPois   ∞          Reflect  .   (no helmet)
rElec   .          Harm     .   (no cloak)
rCorr   .          Rampage  .   (no gloves)
Will    .....                   (boots unavailable)
Stlth   ++........              (no amulet)
HPRegen 0.17/turn               p - ring of wizardry
MPRegen 0.00/turn               k - +4 ring of evasion

@: flying
A: sickness immunity, fire resistance 2, cold vulnerability 1, float, innate
caster, HP casting, extra vitality 1
a: no special abilities


You were on level 5 of the Dungeon.
You visited 1 branch of the dungeon, and saw 5 of its levels.

You collected 220 gold pieces.
You spent 72 gold pieces at shops.

Inventory:

Hand Weapons
 a - a +0 short sword (weapon)
Missiles
 q - 13 poisoned darts
 t - 5 boomerangs
Armour
 d - a +0 robe (worn)
Jewellery
 f - a +6 ring of dexterity
 k - a +4 ring of evasion (right hand)
 p - a ring of wizardry (left hand)
 r - a +6 ring of dexterity
 y - a ring of see invisible
Scrolls
 b - 4 scrolls of teleportation
 c - a scroll of butterflies {unknown}
 g - 5 scrolls of identify {unknown}
 j - 6 scrolls of fear {unknown}
 l - 2 scrolls of enchant armour {unknown}
 m - 3 scrolls of blinking {unknown}
 n - a scroll of magic mapping {unknown}
 u - a scroll of summoning {unknown}
 w - a scroll of poison {unknown}
Potions
 e - 2 potions of flight {unknown}
 h - a potion of resistance {unknown}
 i - a potion of mutation {unknown}
 o - a potion of brilliance {unknown}
 s - 3 potions of curing {unknown}
 v - a potion of berserk rage {unknown}
 x - a potion of might {unknown}


   Skills:
 + Level 4.2 Fighting
 - Level 2.1 Dodging
 - Level 1.5 Stealth
 * Level 5.5 Spellcasting


You couldn't memorise any spells.
You knew the following spells:

 Your Spells              Type           Power      Damage    Failure   Level
c - Conjure Flame         Conj/Fire      24%        6-21      1%          3
f - Foxfire               Conj/Fire      96%        2x1d8     1%          1
g - Summon Guardian Gole  Hex/Summ       24%        N/A       1%          3
i - Inner Flame           Hex/Fire       24%        N/A       1%          3
s - Scorch                Fire           48%        2d7       1%          2
B - Beastly Appendage     Tmut           48%        N/A       1%          1
F - Flame Wave            Conj/Fire      24%        2d8       5%          4
P - Passwall              Tmut/Erth      20%        N/A       1%          2
Your spell library was empty.

Dungeon Overview and Level Annotations

Branches:
Dungeon (4/15)             Temple (0/1) D:4

Altars:
Nemelex Xobeh
Trog
Uskayaw
The Shining One

Shops:
D:1 ?   D:5 :


Innate Abilities, Weirdness & Mutations

You are immune to sickness and miasma.
You are immune to poison.
Your flesh is very heat resistant. (rF++)
You are vulnerable to cold. (rC-)
You float through the air rather than walking.
You learn spells naturally, not from books.
Your magical power is your life essence.
You have superior vitality. (+4 MHP)


Message History

The foxfire hits the two-headed ogre.
The two-headed ogre is lightly wounded.
Casting: Foxfire (safe; 1% risk of failure)
Confirm with . or Enter, or press ? or * to list all spells.
You conjure some foxfire!
The foxfire hits the jackal.
Flame seeps out of the jackal.
The jackal is moderately wounded.
The foxfire hits the two-headed ogre.
The two-headed ogre is lightly wounded.
Casting: Foxfire (safe; 1% risk of failure)
Confirm with . or Enter, or press ? or * to list all spells.
You conjure some foxfire!
The jackal is engulfed in blazing flames.
The jackal explodes!
The fiery explosion engulfs you! You resist.
The fiery explosion engulfs the two-headed ogre!!
The two-headed ogre is severely wounded.
The fiery explosion engulfs your foxfire.
Your foxfire completely resists.
Casting: Foxfire (safe; 1% risk of failure)
Confirm with . or Enter, or press ? or * to list all spells.
You conjure some foxfire!
You are engulfed in blazing flames.
You resist.
The foxfire hits the two-headed ogre.
The two-headed ogre is severely wounded.
The two-headed ogre hits you with a +0 giant spiked club!!
* * * LOW HITPOINT WARNING * * *
The two-headed ogre closely misses you.
Casting: Foxfire (safe; 1% risk of failure)
Confirm with . or Enter, or press ? or * to list all spells.
You conjure some foxfire!
* * * LOW HITPOINT WARNING * * *
You are engulfed in blazing flames.
You resist.
* * * LOW HITPOINT WARNING * * *
The foxfire hits the two-headed ogre.
The two-headed ogre is severely wounded.
The two-headed ogre closely misses you. The two-headed ogre misses you.
You hit the two-headed ogre but do no damage.
The two-headed ogre is severely wounded.
You are engulfed in blazing flames.
You resist.
You die...

#####.### #.# ###
#.# ..# #.# #.#
#.# #.# #.#
#####.####.#
#######.......§Ov#
........###...§.@#
......### #..#####
...J..#####..#
......#......#
......######.#
...... #.# ######
#.# .O #.# #.#


You could see a two-headed ogre (ally target).

Vanquished Creatures
  A black bear (D:4)
  An ogre (D:3)
  A phantom (D:4)
  A necrophage (D:5)
  A scorpion (D:5)
  A howler monkey (D:4)
  A hound (D:4)
  An orc wizard (D:3)
  4 gnolls (D:3)
  6 adders
  An ufetubus (D:4)
  A worm (D:5)
  A dart slug (D:2)
  5 orcs (D:3)
  5 bats
  6 endoplasms
  3 giant cockroaches
  8 goblins
  6 hobgoblins
  10 jackals
  2 quokkas
  3 ball pythons
  2 frilled lizards
  8 kobolds
  8 rats
87 creatures vanquished.

Vanquished Creatures (collateral kills)
  A foxfire (D:3)
1 creature vanquished.

Vanquished Creatures (others)
  216 foxfires
216 creatures vanquished.

Grand Total: 304 creatures vanquished

Notes
Turn   | Place    | Note
-------+----------+-------------------------------------------
     0 | D:1      | Godmorgon the Djinni Fire Elementalist began the quest for
                  | the Orb.
     0 | D:1      | Godmorgon set off with the following spells memorised:
                  | Foxfire, Scorch, Conjure Flame, Inner Flame, Flame Wave.
     0 | D:1      | Reached XP level 1. HP: 15/15 MP: 0/0
   273 | D:1      | Reached XP level 2. HP: 15/22 MP: 0/0
   363 | D:1      | Found a bloodstained altar of Trog.
   602 | D:1      | Reached skill level 1 in Fighting
   907 | D:1      | Reached XP level 3. HP: 25/27 MP: 0/0
   907 | D:1      | Learned a level 1 spell: Beastly Appendage
   977 | D:1      | Found Raorys's Magic Scroll Boutique.
   982 | D:1      | Reached skill level 3 in Spellcasting
   991 | D:1      | Bought a scroll of teleportation for 36 gold pieces
   991 | D:1      | Bought a scroll of teleportation for 36 gold pieces
  1660 | D:2      | Reached XP level 4. HP: 31/32 MP: 0/0
  1951 | D:3      | Noticed an ogre
  1968 | D:3      | Reached XP level 5. HP: 27/38 MP: 0/0
  1968 | D:3      | Learned a level 2 spell: Passwall
  2479 | D:3      | Found a glowing golden altar of the Shining One.
  2551 | D:3      | Killed an ogre
  2552 | D:3      | Reached skill level 4 in Spellcasting
  2552 | D:3      | Reached XP level 6. HP: 40/45 MP: 0/0
  2805 | D:3      | Found a sparkling altar of Nemelex Xobeh.
  3553 | D:4      | Found a hide-covered altar of Uskayaw.
  3698 | D:4      | Reached XP level 7. HP: 34/50 MP: 0/0
  3698 | D:4      | Learned a level 3 spell: Summon Guardian Golem
  3723 | D:4      | Reached skill level 5 in Spellcasting
  4072 | D:4      | Found a staircase to the Ecumenical Temple.
  4073 | D:4      | You are sucked into a shaft and drop 1 floor!
  4073 | D:5      | Entered Level 5 of the Dungeon
  4144 | D:5      | Noticed a two-headed ogre
  4197 | D:5      | Found Woirir's Self-Improvement Boutique.
  4499 | D:5      | HP: 2/52 [cloud of flame (3)]
  4500 | D:5      | Engulfed by a cloud of flame

Illustrated notes

Levels and vault maps discovered:
D:1:      sevenhm_arrival_forest_fort_large_2, layout_loops_ring, serial_shops,
          shop, minmay_misc_feat_enclosed, minmay_hexomino_r4
D:2:      layout_rooms
D:3:      wander_river, layout_loops_corners, general_overflow_altar,
          nemelex_spade_bored_becter, mainiacjoe_overflow_cross_hatched,
          chequers_serial_rivers_small_b, minmay_diced_spiral
D:4:      layout_gridville, mainiacjoe_overflow_small_starburst, fedhas_altar_4,
          minmay_temple_entry_offerings, grunt_ministairs_14,
          nicolae_take_the_stairs, minivault_26
D:5:      minmay_clustersquares, layout_loops_ring, serial_shops,
          nicolae_shop_bloodbath_and_beyond, nicolae_shop_self_help

Skill      XL: |  1  2  3  4  5  6  7 |
---------------+----------------------+-----
Fighting       | 1 2 3 4 |  4.2
Spellcasting   | 3 4 5 |  5.5
Dodging        | |  2.1
Stealth        | |  1.5

Action                   |  1- 3 |  4- 6 |  7- 9 || total
-------------------------+-------+-------+-------++-------
Melee: Short sword       |     7 |    35 |     9 ||    51
 Cast: Foxfire           |    61 |    52 |    29 ||   142
       Scorch            |       |     8 |       ||     8
       Inner Flame       |       |     2 |     4 ||     6
  Use: Scroll            |       |     1 |       ||     1
Armor: Robe              |     8 |     5 |     1 ||    14
Dodge: Dodged            |    20 |    77 |    33 ||   130
